 Dungeon Crawl Stone Soup version 0.28.0-45-g0d030f2227 (webtiles) character file.

Game seed: 17867580256171417474

185748 CryoSword the Unseen (level 18, -19/92 HPs)
             Began as a Vine Stalker Enchanter on Apr 1, 2022.
             Was the Champion of Dithmenos.
             Demolished by an alligator snapping turtle (37 damage)
             ... on level 1 of the Shoals.
             The game lasted 02:58:04 (47049 turns).

CryoSword the Unseen (Vine Stalker Enchanter)      Turns: 47049, Time: 02:58:05

Health: -19/92     AC: 12    Str:  6 (19) XL:     18   Next: 45%
Magic:  0/33       EV: 12    Int: 15 (19) God:    Dithmenos [******]
Gold:   810        SH: 18    Dex: 12 (17) Spells: 13/38 levels left

rFire   + . .      SeeInvis .   w - +2 dagger (speed)
rCold   + + +      Faith    .   q - +2 kite shield
rNeg    . . .      Spirit   +   X - +2 robe {rC+ rF+}
rPois   .          Reflect  +   Y - +1 helmet of Fedhas's Esteem {rC+ rCorr}
rElec   .          Harm     .   B - +0 cloak
rCorr   +          Rampage  .   E - +1 pair of gloves
Will    +....                   b - +1 pair of boots {Fly}
Stlth   ++++++++++              d - amulet of reflection
HPRegen 1.05/turn               P - ring of willpower {=R}
MPRegen 0.23/turn               K - ring of Temptation {rC+ Str+6}

@: lethally poisoned (-19 -> -25), weak-willed, flying, wreathed by umbra
A: fangs 3, regeneration 1, magic shield, antimagic bite, no potion heal 2
a: Renounce Religion, Shadow Step, Shadow Form


You were on level 1 of the Shoals.
You worshipped Dithmenos.
Dithmenos was exalted by your worship.
You visited 7 branches of the dungeon, and saw 30 of its levels.
You also visited: Sewer, Ossuary, Bailey and Ice Cave.

You collected 3383 gold pieces.
You spent 2573 gold pieces at shops.

Inventory:

Hand Weapons
 a - the +7 hand crossbow of Popular Demand {elec, rPois Will+}
   (You found it on level 9 of the Dungeon)

   Any ammunition fired from it occasionally discharges a powerful burst of
   electricity upon striking a foe.
   rPois:     It protects you from poison.
   Will:      It increases your willpower.
 s - a +0 quick blade of venom
   (You found it on level 10 of the Dungeon)
 w - a +2 dagger of speed (weapon)
   (You took it off an orc wizard on level 12 of the Dungeon)
 U - the +4 trident "Duacsaloe" {vorpal, Int+6 Dex-5 SInv Stlth-}
   (You found it on level 2 of the Orcish Mines)

   It inflicts extra damage upon your enemies.
   Int:       It affects your intelligence (+6).
   Dex:       It affects your dexterity (-5).
   SInv:      It lets you see invisible.
   Stlth:     It makes you less stealthy.
Missiles
 p - 4 curare-tipped darts (quivered)
 r - 8 boomerangs of dispersal {!f}
 x - 200 bolts
 J - 16 poisoned darts
 M - 18 boomerangs
Armour
 b - a +1 pair of boots of flying (worn)
   (You found it on level 7 of the Dungeon)
 q - a +2 kite shield (worn)
   (You took it off a vault guard on level 14 of the Dungeon)
 B - a +0 cloak (worn)
   (You found it on level 4 of the Dungeon)
 C - a scarf of repulsion
   (You found it on level 2 of the Spider Nest)
 E - a +1 pair of gloves (worn)
   (You found it on level 5 of the Dungeon)
 I - an orb of guile
   (You found it on level 10 of the Dungeon)
 O - a +3 scale mail of cold resistance
   (You took it off Rupert on level 3 of the Lair of Beasts)
 X - a +2 robe of resistance (worn)
   (You took it off Erica on level 1 of the Orcish Mines)
 Y - the +1 helmet of Fedhas's Esteem (worn) {rC+ rCorr}
   (You acquired it on level 4 of the Spider Nest)

   rC:        It protects you from cold.
   rCorr:     It protects you from acid and corrosion.
Jewellery
 d - an amulet of reflection (around neck)
   (You took it off a gnoll sergeant on level 9 of the Dungeon)
 i - a ring of resist corrosion
   (You found it on level 3 of the Dungeon)
 A - a ring of magical power
   (You bought it in a shop on level 8 of the Dungeon)
 G - the ring of Obacoc {Fly rPois rF- rN+ Dex+3}
   (You found it in an ossuary)

   [ring of flight]

   Dex:       It affects your dexterity (+3).
   rF:        It makes you vulnerable to fire.
   rPois:     It protects you from poison.
   rN:        It protects you from negative energy.
   Fly:       It grants you flight.
 K - the ring of Temptation (right hand) {rC+ Str+6}
   (You bought it in a shop on level 8 of the Dungeon)

   [ring of strength]

   Str:       It affects your strength (+6).
   rC:        It protects you from cold.
 N - a ring of protection from fire
   (You bought it in a shop on level 13 of the Dungeon)
 P - a ring of willpower (left hand) {=R}
   (You found it on level 3 of the Dungeon)
Wands
 f - a wand of iceblast (19)
   (You found it on level 8 of the Dungeon)
 h - a wand of digging (7)
   (You found it on level 14 of the Dungeon)
 o - a wand of flame (17)
   (You found it on level 2 of the Lair of Beasts)
 Q - a wand of acid (17)
   (You found it on level 9 of the Dungeon)
Scrolls
 g - 6 scrolls of fear
 j - 3 scrolls of summoning
 k - 3 scrolls of fog
 t - 5 scrolls of teleportation {@r4}
 u - 3 scrolls of vulnerability {!r}
 v - 7 scrolls of magic mapping
 W - a scroll of blinking
Potions
 e - 5 potions of curing {@q1}
 l - 5 potions of might
 n - 5 potions of resistance
 z - 2 potions of haste {@q3}
 D - 5 potions of mutation {!q}
 F - 13 potions of brilliance
 H - 8 potions of ambrosia
 L - a potion of magic
 T - 3 potions of cancellation
 V - 2 potions of lignification {!q}
Miscellaneous
 R - a condenser vane (inert)
   (You found it on level 9 of the Dungeon)


   Skills:
 + Level 9.3 Fighting
 * Level 13.2 Short Blades
 - Level 6.3 Crossbows
 - Level 7.0 Armour
 - Level 5.2 Dodging
 - Level 15.0 Stealth
 + Level 10.0 Shields
 + Level 10.7 Spellcasting
 - Level 4.0 Conjurations
 * Level 14.7 Hexes
 - Level 4.0 Necromancy
 - Level 2.0 Translocations
 - Level 4.0 Ice Magic
 + Level 1.3 Air Magic
 + Level 1.5 Poison Magic
 + Level 7.8 Invocations


You had 13 spell levels left.
You knew the following spells:

 Your Spells              Type           Power      Damage    Failure   Level
a - Ensorcelled Hibernat  Hex/Ice        72%        N/A       1%          2
b - Confusing Touch       Hex            51%        N/A       1%          3
c - Tukima's Dance        Hex            51%        N/A       1%          3
d - Dazzling Flash        Conj/Hex       72%        N/A       1%          3
e - Cause Fear            Hex            25%        N/A       1%          4
f - Portal Projectile     Hex/Tloc       66%        N/A       1%          3
g - Anguish               Hex/Necr       18%        N/A       4%          4
C - Mephitic Cloud        Conj/Pois/Air  14%        N/A       24%         3

Your spell library contained the following spells:

 Spells                   Type           Power      Damage    Failure   Level
 Pain                     Necr           80%        1d8       3%          1
 Summon Guardian Golem    Hex/Summ       30%        N/A       3%          3
 Corpse Rot               Necr/Air       32%        N/A       10%         2
 Leda's Liquefaction      Hex/Erth       15%        N/A       10%         4
 Ozocubu's Armour         Ice            20%        N/A       12%         3
 Poisonous Vapours        Pois/Air       24%        N/A       17%         2
 Silence                  Hex/Air        16%        N/A       21%         5
 Gell's Gravitas          Tloc           14%        N/A       26%         3
 Lesser Beckoning         Tloc           14%        N/A       26%         3
 Teleport Other           Tloc           14%        N/A       26%         3
 Passwall                 Tmut/Erth      6%         N/A       30%         2
 Hailstorm                Conj/Ice       20%        3d6       36%         4
 Spider Form              Tmut/Pois      10%        N/A       41%         3
 Ignite Poison            Fire/Tmut/Pois 9%         N/A       43%         3
 Call Canine Familiar     Summ           8%         N/A       52%         3
 Ice Form                 Ice/Tmut       14%        N/A       65%         4
 Passage of Golubria      Tloc           14%        N/A       65%         4
 Olgreb's Toxic Radiance  Pois           12%        N/A       71%         4
 Agony                    Necr           20%        N/A       71%         5
 Excruciating Wounds      Necr           10%        N/A       71%         5
 Airstrike                Air            6%         N/A       75%         4
 Summon Lightning Spire   Summ/Air       10%        N/A       83%         4
 Freezing Cloud           Conj/Ice/Air   8%         6-21      83%         5
 Lightning Bolt           Conj/Air       8%         1d20      88%         5
 Animate Armour           Summ/Erth      16%        N/A       89%         4
 Irradiate                Conj/Tmut      7%         3d15      94%         5
 Blade Hands              Tmut           4%         N/A       99%         5
 Simulacrum               Ice/Necr       10%        N/A       99%         6
 Iron Shot                Conj/Erth      7%         9d2       100%        6
 Dragon Form              Tmut           4%         N/A       100%        7
 Orb of Destruction       Conj           10%        9d6       100%        7
 Ozocubu's Refrigeration  Ice            10%        4d7       100%        7
 Spellforged Servitor     Conj/Summ      7%         N/A       100%        7
 Ignition                 Fire           4%         3d4       100%        8
 Lehudib's Crystal Spear  Conj/Erth      7%         10d3      100%        8
 Dragon's Call            Summ           4%         N/A       100%        9


Dungeon Overview and Level Annotations

Branches:
Dungeon (15/15)            Temple (1/1) D:6            Lair (6/6) D:10
 Shoals (1/4) Lair:3       Spider (4/4) Lair:4        Slime (0/5) Lair:6
    Orc (2/2) D:12            Elf (1/3) Orc:2        Vaults (0/5) D:14
 Depths (0/4) D:15          Sewer (visited)         Ossuary (visited)
 Bailey (visited)           IceCv (visited)

Altars:
Ashenzari
Cheibriados
Dithmenos
Elyvilon
Fedhas
Gozag
Hepliaklqana
Kikubaaqudgha
Makhleb
Nemelex Xobeh
Okawaru
Qazlal
Ru
Sif Muna
Trog
Uskayaw
Vehumet
Wu Jian
Xom
Yredelemnul
Zin
The Shining One
Beogh

Shops:
D:8 =   D:13 ==   D:14 (   Orc:2 (?!?   Shoals:1 !

Portals:
Hell: Lair:6
Trove: D:12 (give +4 ice dragon scales)


Innate Abilities, Weirdness & Mutations

You have razor-sharp teeth.
Your natural rate of healing is unusually fast.
When hurt, damage is shared between your health and your magic reserves.
Your bite disrupts and absorbs the magic of your enemies.
Potions cannot restore your health.


Message History

What level of the Shoals? (default 1, ? - help)
There is an open door, spattered with blood here.
Things that are here:
a +0 flail; a +0 scale mail; a +0 dagger
There is a stone staircase leading up here.
You fly upwards.
There is a stone staircase leading down here.
You see here a +0 mace.
There is a stone staircase leading up here.
You see here 3 potions of attraction {!q}.
You fly upwards.
There is a stone staircase leading down here.
There is a staircase to the Lair here.
You fly downwards.
Welcome back to the Lair of Beasts!
There is a staircase back to the Dungeon here.
There is a stone staircase leading down here.
You fly downwards.
There is a stone staircase leading up here.
There is a stone staircase leading down here.
You fly downwards.
There is a stone staircase leading up here.
There is an open door here.
There is an open door here.
There is a staircase to the Shoals, spattered with blood here.
You fly downwards.
Welcome back to the Shoals!
This branch is noisy: sounds don't travel as far here.
This branch contains the barnacled rune of Zot.
The merfolk javelineer throws a javelin.
The javelin barely misses you. You block the merfolk impaler's attack.
The merfolk javelineer throws a silver javelin.
The silver javelin pierces through you!
The merfolk javelineer throws a javelin.
The javelin pierces through you! You block the merfolk impaler's attack.
There is a staircase back to the Lair, spattered with blood here.
The merfolk javelineer throws a silver javelin.
The silver javelin pierces through you!!
The merfolk javelineer throws a javelin.
The javelin pierces through you!
The merfolk impaler resists with some effort.
The manticore looks frightened!
The merfolk javelineer looks frightened! x2
The merfolk impaler looks frightened!
The merfolk impaler hits you from afar with a +3 antimagic trident!
* * * LOW HITPOINT WARNING * * *
You feel your power leaking away.
The merfolk javelineer begs, "Please!
I have a lot of children!"
You block the merfolk impaler's attack.
Things that are here:
24 sling bullets; a +0 spear; a +0 hunting sling A merfolk siren comes into view.
It is wielding a +0 spear.
The teleport trap disappears.
The merfolk impaler disappears!
Found a mace.
Found a stone staircase leading down.
A sea snake comes into view.
A merfolk siren comes into view. It is wielding a +0 spear.
The merfolk siren shouts!
Found 20 gold pieces.
Aim: a merfolk siren, wielding a +0 spear (umbra, chance to affect: 29%)
The merfolk siren looks drowsy...
The sea snake hisses angrily.
An alligator snapping turtle comes into view.
The helpless merfolk siren fails to defend itself.
You perforate the merfolk siren like a sieve!!!!
You kill the merfolk siren!
Dithmenos accepts your kill.
You feel your strength returning.
Aim: a sea snake (umbra, chance to affect: 47%)
The sea snake resists with some effort.
The faun shouts!
The faun unwields a +0 spear.
The faun wields a +0 hunting sling.
The faun shoots a stone.
The stone hits you but does no damage. The sea snake closely misses you.
Aim: a sea snake (umbra, chance to affect: 47%)
The sea snake looks drowsy...
Your shadow mimicks your spell!
The sea snake is unaffected.
The faun shouts!
The faun unwields a +0 club.
The faun wields a +0 hunting sling.
The faun shoots a stone.
You reflect the stone off an invisible shield around you!
The stone hits the faun!
The helpless sea snake fails to defend itself.
You spit the sea snake like a pig!!!!!
You kill the sea snake!
Dithmenos accepts your kill.
The faun shoots a stone.
You reflect the stone off an invisible shield around you!
The stone hits the faun!
The faun shoots a stone.
The stone hits you.
You block the alligator snapping turtle's attack.
Aim: an alligator snapping turtle (umbra, chance to affect: 29%)
The alligator snapping turtle easily resists.
The alligator snapping turtle closely misses you.
A sea snake comes into view.
The faun shoots a stone.
The stone closely misses you.
Aim: an alligator snapping turtle (water, umbra, chance to affect: 29%)
The alligator snapping turtle looks drowsy...
Your shadow mimicks your spell!
The alligator snapping turtle is unaffected.
The faun shoots a stone.
The stone barely misses you. The sea snake bites you!
The faun shouts!
You hit the sea snake. Your bite misses the sea snake.
The sea snake bites you but does no damage.
You block the sea snake's attack.
The faun shoots a stone.
The stone barely misses you. You block the sea snake's attack.
The alligator snapping turtle hisses angrily.
You hit the sea snake. You bite the sea snake. You drain its power.
You feel invigorated. You block the sea snake's attack.
The faun casts a spell at you.
Your willpower is stripped away!
The faun shoots a stone.
You reflect the stone off an invisible shield around you!
The stone barely misses the faun.
The sea snake bites you.
You are poisoned.
The sea snake poisons you!
The faun unwields a +0 spear.
The faun wields a +0 hunting sling.
The faun shoots a stone.
You reflect the stone off an invisible shield around you!
The stone barely misses the faun.
The stone hits the faun!
The alligator snapping turtle bites you from afar!!
Aim: a sea snake (water, lightly wounded, umbra, chance to affect: 47%)
The sea snake looks drowsy...
You feel extremely sick.
The faun shoots a stone.
The stone misses you.
The helpless sea snake fails to defend itself.
You perforate the sea snake like a sieve!!!!
You kill the sea snake!
Dithmenos accepts your kill.
You feel very sick.
The faun gestures at you while chanting.
You easily resist.
The alligator snapping turtle closely misses you.
You feel very sick.
The faun shoots a stone.
The stone hits you!
* * * LOW HITPOINT WARNING * * *
Okay, then.
You don't have enough magic to cast this spell.
You feel very sick.
The faun shoots a stone.
You reflect the stone off an invisible shield around you!
The stone hits the faun!
The faun shoots a stone.
The stone barely misses you.
You feel very sick.
The faun shoots a stone.
You reflect the stone off an invisible shield around you!
The stone barely misses the faun.
The stone closely misses the faun.
The faun shoots a stone.
The stone hits you!
* * * LOW HITPOINT WARNING * * *
The alligator snapping turtle bites you from afar!!!
You die...

≈≈≈≈≈≈≈≈≈≈≈≈≈≈≈≈≈.≈.....
≈≈≈≈≈≈≈≈≈≈≈≈≈≈c≈≈≈≈.....
≈≈≈≈≈≈≈≈≈≈≈≈≈cc≈≈≈≈.....
≈≈≈≈≈≈≈≈≈≈≈≈≈≈≈≈≈≈......
≈≈≈≈≈≈≈≈≈≈≈≈≈≈≈≈≈≈≈≈≈...
≈≈≈≈≈≈≈≈≈≈≈≈≈≈≈≈≈≈≈.≈..≈
≈≈≈≈≈≈≈≈≈≈≈≈≈≈≈≈≈≈≈≈≈≈≈
≈≈≈≈≈≈≈≈≈t≈≈≈≈≈≈≈≈≈≈≈≈
≈≈≈≈≈≈≈@≈≈≈≈≈≈≈≈≈≈≈≈≈
≈≈≈≈≈≈≈≈≈≈≈≈≈≈≈≈≈≈≈≈
≈≈≈≈≈≈≈≈≈≈≈≈≈≈≈≈≈≈≈
≈≈≈≈≈≈≈≈≈≈≈≈≈≈≈≈≈≈≈
≈≈≈≈≈≈≈≈≈≈≈≈≈≈≈≈≈≈
≈≈≈≈≈≈≈≈≈≈≈≈≈≈≈≈≈
≈≈≈≈≈≈≈≈≈≈≈≈≈≈≈
≈≈≈≈≈≈≈≈≈≈≈≈≈≈≈


You could see an alligator snapping turtle and 3 fauns.

Vanquished Creatures
  Arachne (Spider:3)
  Rupert (Lair:3)
  Donald (Spider:4)
  Aizul (Spider:3)
  6 ghost moths
  2 orc warlords
  5 broodmothers
  2 emperor scorpions
  A stone giant (D:15)
  The ghost of Peloso the Fencer, a journeyman MiFi of Okawaru (Orc:1)
  3 entropy weavers
  2 dire elephants (Lair:6)
  Azrael (Spider:3)
  2 spark wasps
  2 blizzard demons (IceCv)
  A merfolk javelineer (Lair:3)
  8 hydras
  6 vault guards
  A jorogumo (Spider:3)
  2 catoblepae (Lair:5)
  An ogre mage (D:15)
  A caustic shrike simulacrum (IceCv)
  3 centaur warriors
  4 boulder beetles
  A radroach (Spider:4)
  A hell beast (Lair:6)
  Erica (Orc:1)
  3 tengu warriors
  A death knight (D:11)
  The ghost of DearestLeader the Severer, a novice MiFi (D:9)
  11 two-headed ogres
  8 death yaks
  4 orc high priests (Orc:2)
  A skeletal warrior (D:11)
  A sun moth (Spider:1)
  3 pharaoh ants
  2 sea snakes (Shoals:1)
  7 steelbarb worms
  An obsidian statue (IceCv)
  2 deep trolls (D:15)
  10 orb spiders
  A deep elf archer (Elf:1)
  A wizard (Lair:6)
  4 orc knights (Orc:2)
  A bog body (IceCv)
  A necromancer (D:15)
  4 orc sorcerers
  10 spriggan simulacra (IceCv)
  A deep elf pyromancer (Elf:1)
  3 deep elf zephyrmancers (Elf:1)
  A manticore (D:14)
  An oklob plant (Lair:5)
  3 fauns (Shoals:1)
  5 ugly things
  16 wolf spiders
  7 cyclopes
  3 moths of wrath
  5 elephants
  8 black mambas
  10 cane toads
  6 orange demons
  5 torpor snails
  3 unseen horrors
  An efreet (D:15)
  6 rime drakes
  A hellwing (Lair:6)
  11 ice devils
  8 demonic crawlers
  4 freezing wraiths
  The ghost of gnacko the Shield-Bearer, a novice GrFi of Okawaru (D:6)
  2 tengu conjurers (D:15)
  9 komodo dragons
  A merfolk (Shoals:1)
  10 trolls
  4 red devils
  5 entropy weaver simulacra (IceCv)
  13 meliai
  3 polar bears
  A queen bee (Spider:3)
  2 hornets
  27 tarantellas
  Prince Ribbit (Bailey)
  11 slime creatures
  37 blink frogs
  5 dream sheep (Lair:5)
  A meliai zombie (D:7)
  17 culicivoras
  28 jumping spiders
  3 centaur simulacra
  2 dire elephant simulacra (IceCv)
  4 wraiths
  53 yaks
  A shadow (D:13)
  A vampire (D:11)
  4 fire elementals (Spider:3)
  A water elemental (D:12)
  Sigmund (D:2)
  8 wyverns
  10 vampire mosquitoes
  5 basilisks
  11 humans
  41 redbacks
  2 steam dragons
  4 minotaur simulacra (IceCv)
  2 dancing weapons
  2 harpy simulacra (IceCv)
  3 wargs
  2 acid dragons
  5 hell hounds
  15 water moccasins
  42 orc warriors
  A sky beast (D:5)
  2 ice beasts
  2 black bears
  5 necrophages
  3 alligator simulacra (IceCv)
  20 wolves
  18 ogres
  2 phantoms
  8 centaurs
  24 bullfrogs
  Blork the orc (D:4)
  4 gnoll sergeants
  2 wyvern zombies
  2 scorpions (D:6)
  3 deep troll simulacra (IceCv)
  2 water moccasin skeletons (D:5)
  A lindwurm simulacrum (IceCv)
  A wyvern skeleton (D:6)
  17 killer bees
  3 howler monkeys (D:11)
  3 jellies
  13 electric eels
  A bullfrog zombie (D:5)
  2 centaur zombies
  3 hounds
  4 human zombies (Ossuary)
  3 centaur skeletons
  29 orc priests
  3 bullfrog skeletons
  2 gnoll shamans
  Jessica (D:2)
  4 iguanas
  Natasha (D:4)
  3 merfolk sirens
  19 orc wizards
  A statue (D:7)
  A merfolk avatar (Sewer)
  A killer bee zombie (D:7)
  5 mummies
  A howler monkey zombie (D:8)
  18 gnolls
  7 adders
  2 howler monkey skeletons (D:6)
  5 river rats
  2 white imps
  2 adder zombies (Ossuary)
  4 dart slugs
  96 orcs
  6 endoplasms
  9 giant cockroaches
  A giant cockroach (shapeshifter) (D:14)
  A gnoll zombie (Ossuary)
  10 goblins
  12 hobgoblins
  13 kobolds
  6 quokkas
  6 ball pythons
  2 bats
  5 frilled lizards
  A hobgoblin zombie (Ossuary)
  A jackal zombie (Ossuary)
  A kobold zombie (Ossuary)
  32 rats
  2 rat zombies (Ossuary)
1111 creatures vanquished.

Vanquished Creatures (collateral kills)
  2 two-headed ogres
  Maggie (D:8)
  3 orc warriors
  A gnoll sergeant (D:9)
  5 gnolls
  3 orcs
15 creatures vanquished.

Vanquished Creatures (others)
  A wolf spider (Spider:3)
  A manticore (Lair:3)
  A shadow (D:9)
  A human (D:14)
  9 dancing weapons
  An orc wizard (D:8)
  57 fungi
  91 plants
  7 withered plants
169 creatures vanquished.

Grand Total: 1295 creatures vanquished

Notes
Turn   | Place    | Note
-------+----------+-------------------------------------------
     0 | D:1      | CryoSword the Vine Stalker Enchanter began the quest for
                  | the Orb.
     0 | D:1      | Reached XP level 1. HP: 9/9 MP: 4/4
    52 | D:1      | Reached skill level 1 in Short Blades
   155 | D:1      | Reached XP level 2. HP: 13/13 MP: 6/6
   280 | D:1      | Found a faded altar of an unknown god.
   327 | D:1      | Learned a level 2 spell: Ensorcelled Hibernation
  1067 | D:2      | Noticed Sigmund
  1080 | D:2      | Killed Sigmund
  1081 | D:2      | Reached skill level 1 in Fighting
  1081 | D:2      | Reached skill level 4 in Stealth
  1081 | D:2      | Reached XP level 3. HP: 4/18 MP: 1/8
  1081 | D:2      | Gained mutation: Your natural rate of healing is unusually
                  | fast. [Vine Stalker growth]
  1081 | D:2      | Reached XP level 4. HP: 6/22 MP: 1/9
  1081 | D:2      | Reached XP level 5. HP: 6/25 MP: 1/10
  1696 | D:2      | Reached XP level 6. HP: 30/30 MP: 4/11
  1803 | D:2      | Learned a level 3 spell: Confusing Touch
  1807 | D:2      | Learned a level 3 spell: Tukima's Dance
  1940 | D:2      | Noticed Jessica
  1952 | D:2      | Killed Jessica
  1953 | D:2      | Reached skill level 1 in Ice Magic
  2444 | D:3      | Found a sparkling altar of Nemelex Xobeh.
  2478 | D:3      | Noticed a black bear
  2823 | D:3      | Found a sacrificial altar of Ru.
  3219 | D:3      | Killed a black bear
  3220 | D:3      | Reached XP level 7. HP: 20/34 MP: 1/12
  3609 | D:4      | Reached skill level 5 in Stealth
  3699 | D:4      | Noticed Natasha
  3706 | D:4      | Killed Natasha
  3831 | D:4      | Noticed Blork the orc
  3850 | D:4      | Killed Blork the orc
  4147 | D:5      | Entered Level 5 of the Dungeon
  4214 | D:5      | Reached skill level 5 in Hexes
  4371 | D:5      | Gained mutation: You have razor-sharp teeth. [Vine Stalker
                  | growth]
  4371 | D:5      | Reached XP level 8. HP: 39/39 MP: 6/14
  4508 | D:5      | Reached skill level 1 in Shields
  4941 | D:5      | Reached skill level 5 in Shields
  5202 | D:5      | You fall into a shaft and drop 3 floors!
  5249 | D:8      | Found a sand-covered staircase.
  5257 | Ossuary  | Entered an ossuary
  5323 | Ossuary  | Reached XP level 9. HP: 43/43 MP: 15/15
  5414 | Ossuary  | Identified the ring of Obacoc {Fly rPois rF- rN+ Dex+3}
  5674 | D:8      | Learned a level 3 spell: Dazzling Flash
  5680 | D:8      | Noticed a troll
  5683 | D:8      | Found Napeaf's Jewellery Shoppe.
  5815 | D:8      | Noticed Maggie
  5824 | D:8      | Killed Maggie
  5916 | D:7      | Reached skill level 1 in Armour
  5936 | D:7      | Noticed a hornet
  6060 | D:7      | Found a radiant altar of Vehumet.
  6072 | D:7      | Found a hazy altar of Hepliaklqana.
  6416 | D:6      | Reached XP level 10. HP: 29/47 MP: 9/16
  6479 | D:6      | Reached skill level 5 in Armour
  6535 | D:6      | Found a runed translucent door.
  6536 | D:6      | Noticed gnacko's ghost (novice GrFi)
  6575 | D:6      | Found a staircase to the Ecumenical Temple.
  6584 | Temple   | Entered the Ecumenical Temple
  6818 | D:6      | Found a glowing drain.
  6823 | Sewer    | Entered a sewer
  7657 | D:6      | Killed gnacko's ghost
  7686 | D:7      | Found a shadowy altar of Dithmenos.
  7695 | D:7      | Found a glowing silver altar of Zin.
  7739 | D:7      | Became a worshipper of Dithmenos the Shadowed
  7766 | D:7      | Reached skill level 6 in Stealth
  8100 | D:7      | Reached skill level 1 in Conjurations
  8276 | D:7      | Found a bloodstained altar of Trog.
  8474 | D:8      | Found a broken altar of Ashenzari.
  8474 | D:8      | Found an iron altar of Okawaru.
  8474 | D:8      | Found an ancient bone altar of Kikubaaqudgha.
  8845 | D:8      | Found a stormy altar of Qazlal.
  8965 | D:8      | Bought a ring of magical power for 260 gold pieces
  9190 | D:9      | Reached * piety under Dithmenos
  9288 | D:9      | Noticed a two-headed ogre
  9319 | D:9      | Reached skill level 5 in Short Blades
  9319 | D:9      | Reached skill level 7 in Stealth
  9343 | D:9      | Identified the +7 hand crossbow of Popular Demand {elec,
                  | rPois Will+}
  9401 | D:9      | Found a flagged portal.
  9430 | Bailey   | Entered a bailey
  9451 | Bailey   | Reached XP level 11. HP: 48/52 MP: 19/19
  9679 | Bailey   | Noticed a vault guard
  9710 | Bailey   | Killed a vault guard
  9710 | Bailey   | Reached ** piety under Dithmenos
  9711 | Bailey   | Reached skill level 1 in Crossbows
  9717 | Bailey   | Noticed Prince Ribbit
  9717 | Bailey   | Noticed a vault guard
  9737 | Bailey   | Killed Prince Ribbit
  9738 | Bailey   | Reached skill level 8 in Stealth
  9786 | Bailey   | Killed a vault guard
  9787 | Bailey   | Reached skill level 5 in Spellcasting
  9916 | D:9      | Found a large runed translucent door.
  9917 | D:9      | Found a large runed translucent door.
  9949 | D:9      | Noticed DearestLeader's ghost (novice MiFi)
 10114 | D:9      | Killed a two-headed ogre
 10187 | D:9      | Noticed a two-headed ogre
 10203 | D:9      | Noticed a centaur warrior
 10219 | D:9      | Killed a centaur warrior
 10493 | D:9      | Killed a two-headed ogre
 10706 | D:9      | Found a white marble altar of Elyvilon.
 10707 | D:9      | Found a radiant altar of Vehumet.
 10709 | D:9      | Noticed a five-headed hydra
 10774 | D:9      | Found a burning altar of Makhleb.
 10775 | D:9      | Found a bloodstained altar of Trog.
 10790 | D:9      | Noticed a cyclops
 10906 | D:9      | Killed a cyclops
 10907 | D:9      | Reached skill level 9 in Stealth
 11390 | D:9      | Killed a five-headed hydra
 11606 | D:10     | Entered Level 10 of the Dungeon
 11656 | D:10     | Reached XP level 12. HP: 48/58 MP: 21/21
 12055 | D:10     | Found a shimmering blue altar of Sif Muna.
 12075 | D:10     | Found the +6 shillelagh "Devastator" {shatter}
 12240 | D:10     | Noticed a two-headed ogre
 12255 | D:10     | Killed a two-headed ogre
 12329 | D:10     | Found a staircase to the Lair.
 12833 | D:11     | Reached *** piety under Dithmenos
 13100 | D:11     | Reached skill level 10 in Stealth
 13144 | D:11     | Noticed a two-headed ogre
 13157 | D:11     | Killed a two-headed ogre
 13158 | D:11     | Reached skill level 1 in Invocations
 13240 | D:11     | Noticed a two-headed ogre
 13249 | D:11     | Killed a two-headed ogre
 13935 | Lair:1   | Entered Level 1 of the Lair of Beasts
 13964 | Lair:1   | Noticed a six-headed hydra
 13980 | Lair:1   | Killed a six-headed hydra
 13981 | Lair:1   | Reached skill level 5 in Fighting
 14296 | Lair:1   | Reached XP level 13. HP: 62/63 MP: 23/23
 14456 | Lair:1   | Reached skill level 11 in Stealth
 14937 | Lair:2   | Reached **** piety under Dithmenos
 16273 | Lair:3   | Noticed Rupert
 16734 | Lair:3   | Reached skill level 12 in Stealth
 17154 | Lair:3   | Reached ***** piety under Dithmenos
 17278 | Lair:3   | Reached skill level 10 in Hexes
 17278 | Lair:3   | Reached XP level 14. HP: 69/69 MP: 25/25
 17441 | Lair:3   | Found a staircase to the Shoals.
 17713 | Lair:4   | Found a hole to the Spider Nest.
 18989 | Lair:5   | Reached skill level 5 in Crossbows
 19389 | Lair:5   | Found a blossoming altar of Fedhas.
 19934 | Lair:5   | Reached skill level 13 in Stealth
 20304 | Lair:6   | Entered Level 6 of the Lair of Beasts
 21408 | Lair:6   | Reached skill level 5 in Dodging
 21670 | Lair:6   | Noticed a dire elephant
 21675 | Lair:6   | Killed a dire elephant
 21772 | Lair:6   | Noticed a dire elephant
 21794 | Lair:6   | Killed a dire elephant
 22295 | Lair:6   | Found a staircase to the Slime Pits.
 22301 | Lair:6   | Reached XP level 15. HP: 74/74 MP: 28/28
 22794 | Lair:6   | Found a burning altar of Makhleb.
 22904 | Lair:6   | Reached skill level 10 in Short Blades
 23061 | Lair:6   | Found a gateway to Hell.
 23078 | Lair:6   | Reached ****** piety under Dithmenos
 23180 | Lair:6   | Learned a level 4 spell: Cause Fear
 23184 | Lair:6   | Learned a level 3 spell: Portal Projectile
 23861 | Lair:3   | Identified the +1 chain mail of Anaesthesia {Str+5 Dex-4}
 24012 | D:12     | Reached skill level 14 in Stealth
 24463 | D:12     | Found a portal to a secret trove of treasure.
 25229 | D:12     | Found a staircase to the Orcish Mines.
 25857 | D:13     | Found Zaca's Jewellery Shop.
 26033 | D:13     | Found Nocry's Jewellery Shop.
 26772 | D:14     | Reached skill level 5 in Invocations
 26856 | D:14     | Found Dejesad's Antique Weapon Shoppe.
 27037 | D:14     | Reached skill level 1 in Translocations
 27210 | D:14     | Found the +10 dark maul {vorpal}
 27549 | D:14     | Found a gate to the Vaults.
 27644 | D:15     | Entered Level 15 of the Dungeon
 27659 | D:15     | Learned a level 4 spell: Anguish
 27779 | D:15     | Found a broken altar of Ashenzari.
 27959 | D:15     | Reached skill level 1 in Necromancy
 28097 | D:15     | Found a staircase to the Depths.
 28366 | D:15     | Reached XP level 16. HP: 80/80 MP: 29/29
 29219 | Orc:1    | Entered Level 1 of the Orcish Mines
 29459 | Orc:1    | Noticed Erica
 29470 | Orc:1    | Killed Erica
 29848 | Orc:1    | Found a runed translucent door.
 29849 | Orc:1    | Found a shimmering altar of Xom.
 29849 | Orc:1    | Noticed Peloso's ghost (journeyman MiFi)
 30305 | Orc:2    | Entered Level 2 of the Orcish Mines
 30617 | Orc:2    | Found Zautonk's Weapon Emporium.
 30670 | Orc:2    | Found Seqaf's Magic Scroll Shoppe.
 30678 | Orc:2    | Bought a scroll of magic mapping for 59 gold pieces
 30678 | Orc:2    | Bought a scroll of identify for 34 gold pieces
 30678 | Orc:2    | Bought a scroll of identify for 34 gold pieces
 30678 | Orc:2    | Bought a scroll of identify for 34 gold pieces
 30678 | Orc:2    | Bought a scroll of identify for 34 gold pieces
 30678 | Orc:2    | Bought a scroll of identify for 34 gold pieces
 31390 | Orc:2    | Identified the +4 trident "Duacsaloe" {vorpal, Int+6 Dex-5
                  | SInv Stlth-}
 31451 | Orc:2    | Found a staircase to the Elven Halls.
 31666 | Orc:2    | Found Esuusebu's Magic Scroll Emporium.
 31984 | Orc:2    | Bought a scroll of identify for 32 gold pieces
 31984 | Orc:2    | Bought a scroll of identify for 32 gold pieces
 31984 | Orc:2    | Bought a scroll of magic mapping for 56 gold pieces
 31984 | Orc:2    | Identified a scroll of acquirement
 31986 | Orc:2    | Acquired 741 gold pieces
 32092 | Orc:2    | Found Zishrioz's Distillery.
 32109 | Orc:2    | Bought a potion of might for 56 gold pieces
 32109 | Orc:2    | Bought a potion of magic for 112 gold pieces
 32109 | Orc:2    | Bought a potion of cancellation for 112 gold pieces
 32109 | Orc:2    | Bought a potion of haste for 140 gold pieces
 32109 | Orc:2    | Bought a potion of curing for 42 gold pieces
 32533 | D:8      | Bought the ring of Temptation {rC+ Str+6} for 942 gold
                  | pieces
 32533 | D:8      | Bought a ring of poison resistance for 260 gold pieces
 32630 | D:13     | Bought a ring of protection from fire for 300 gold pieces
 33360 | Orc:1    | Found a shimmering altar of Xom.
 33714 | Orc:1    | Killed Peloso's ghost
 33911 | D:9      | Killed DearestLeader's ghost
 34129 | Lair:3   | Killed Rupert
 34201 | Spider:1 | Entered Level 1 of the Spider Nest
 34244 | Spider:1 | Found a frozen archway.
 34250 | IceCv    | Entered an ice cave
 35348 | IceCv    | Got the Disquisition on Transformation
 35809 | Lair:4   | Reached XP level 17. HP: 85/85 MP: 31/31
 36994 | Shoals:1 | Entered Level 1 of the Shoals
 36995 | Shoals:1 | Found Bolen Xuent's Distillery.
 38055 | Spider:2 | Reached skill level 15 in Stealth
 38639 | Spider:2 | Reached skill level 10 in Spellcasting
 39914 | Spider:3 | Noticed Aizul
 39920 | Spider:3 | Killed Aizul
 40287 | Spider:3 | Noticed Arachne
 40657 | Spider:3 | Killed Arachne
 40908 | Spider:3 | Noticed Azrael
 41000 | Spider:3 | Killed Azrael
 41001 | Spider:3 | Reached XP level 18. HP: 82/92 MP: 26/33
 41488 | Spider:4 | Entered Level 4 of the Spider Nest
 42816 | Spider:4 | Noticed Donald
 43995 | Spider:4 | Acquired the +1 helmet of Fedhas's Esteem {rC+ rCorr}
 44204 | Spider:4 | Killed Donald
 44220 | Spider:4 | Learned a level 3 spell: Mephitic Cloud
 44820 | Spider:4 | Lost strength.
 45226 | Elf:1    | Entered Level 1 of the Elven Halls
 46042 | Spider:4 | Reached skill level 1 in Poison Magic
 46065 | Spider:4 | Reached skill level 1 in Air Magic
 46072 | Spider:4 | Reached skill level 10 in Shields
 47049 | Shoals:1 | Demolished by an alligator snapping turtle

Illustrated notes

Levels and vault maps discovered:
D:1:      ncdulo_smallfort, layout_basic, hellmonk_ecumenical_altar_blasted,
          minmay_misc_feat_chi, bh_walls_and_bars
D:2:      layout_loops_corners, st_stairs_6, minmay_tripent, uniq_jessica,
          uniq_sigmund
D:3:      layout_loops_cross, nicolae_ru_sacrificial_ziggurat,
          nemelex_diamond_rough_becter
D:4:      layout_basic, kennysheep_small_circle, uniq_blork_the_orc,
          uniq_natasha
D:5:      layout_gridville, led_xom_imps
D:6:      layout_basic, minmay_temple_entry_grid, portal_sewer_entry_e,
          gammafunk_ghost_grave, serial_bayou_lake_a
D:7:      mumra_celtic_spiral_tile, layout_cave_pools, lightli_temple_of_fire,
          nicolae_overflow_hidden_temple, mainiacjoe_overflow_cross_hatched,
          mainiacjoe_overflow_concentric_impassable, vehumet_statue
D:8:      layout_rooms, marbit_many_paths, gammafunk_temple_overflow_forgotten,
          serial_shops, nicolae_stop_n_shop_1, serial_undead, serial_undead_b,
          serial_undead_d, serial_undead_f, serial_undead_f,
          chequers_ossuary_entry_cave, uniq_maggie
D:9:      minmay_the_grid_octo_tiled_squarecenter [minmay_the_grid_octo_chip,
          minmay_the_grid_octo_pinwheel, minmay_the_grid_octo_shrine,
          minmay_the_grid_octo_focus,
          minmay_the_grid_square_5x5_megaprize_hollow,
          minmay_the_grid_square_5x5_one_wall,
          minmay_the_grid_square_5x5_bridge, minmay_the_grid_square_5x5_z,
          minmay_the_grid_square_5x5_hourglass], layout_irregular_city,
          ebering_ghost_disaster_area, enter_bailey_4
D:10:     layout_basic, nicolae_sif_muna_condensation, lair_entry_dummy
D:11:     layout_basic, minmay_beelzebubs_servants
D:12:     layout_stronghold, erik_orc_2, enter_trove_5
D:13:     layout_gridville, serial_shops, nicolae_stop_n_shop_2,
          kennysheep_mini_moat
D:14:     layout_rooms, ximxim_vaults_locker_room, serial_shops,
          nicolae_take_the_stairs, kennysheep_generic_room_10
D:15:     hangedman_depths_entry_civil_slaughter, layout_basic,
          minmay_misc_feat_roman, ashenzari_altar_1
Temple:   jpeg_temple_island
Lair:1:   layout_misc_corridors
Lair:2:   layout_gridlike, uniq_prince_ribbit2
Lair:3:   layout_regular_city, elwin_shoals_entry_rooms, serial_bayou_shore_a,
          uniq_rupert
Lair:4:   layout_regular_city, spider_nest_entry_webs
Lair:5:   layout_cave_pods, tgw_fedhas
Lair:6:   evil_forest, layout_big_grid, minmay_slime_entry_pillars
Shoals:1: layout_shoals, serial_shops, bzr_entry_islet,
          nicolae_shop_advertising_works [nicolae_subvault_shop_adworks], shop,
          nicolae_shop_trees, shop, nicolae_shoals_pincushion_passage
Spider:1: layout_spider_delve, portal_ice_cave_entry_pillars_four,
          hangedman_spider_tarantella_strand
Spider:2: layout_spider_delve, nicolae_spider_eight_legs
Spider:3: layout_chambers, uniq_arachne, uniq_azrael, uniq_aizul
Spider:4: spider_rune_water, special_room [special_room_bee],
          hellmonk_test_site, uniq_donald
Orc:1:    layout_caves, ebering_ghost_xom, nicolae_orc_lost_temple, uniq_erica
Orc:2:    pubby_orc_utopia
Elf:1:    layout_loops_corners, gammafunk_ghost_tricky_traps, serial_shops,
          bzr_firewalk, minmay_elf_sorcery

Skill      XL: |  1  2  3  4  5  6  7  8  9 10 11 12 13 14 15 16 17 18 |
---------------+-------------------------------------------------------+-----
Short Blades   | 1 2 3 5 6 7 8 9 10 11 12 13 | 13.2
Fighting       | 1 2 3 4 5 6 7 8 9 |  9.3
Stealth        | 4 5 7 9 10 12 13 14 15 | 15.0
Hexes          | 4 5 6 7 8 10 11 12 13 14 | 14.7
Spellcasting   | 3 4 5 6 7 8 9 10 | 10.7
Ice Magic      | 1 3 4 |  4.0
Shields        | 6 8 9 10 | 10.0
Armour         | 4 5 6 7 |  7.0
Conjurations   | 2 3 4 |  4.0
Crossbows      | 2 3 4 5 6 |  6.3
Dodging        | 2 3 4 5 |  5.2
Invocations    | 2 3 4 5 6 7 |  7.8
Translocations | 2 |  2.0
Necromancy     | 1 3 4 |  4.0
Poison Magic   | 1 |  1.5
Air Magic      | 1 |  1.3

Action                   |  1- 3 |  4- 6 |  7- 9 | 10-12 | 13-15 | 16-18 || total
-------------------------+-------+-------+-------+-------+-------+-------++-------
Melee: Dagger            |    51 |    96 |   406 |  1109 |  1638 |  1418 ||  4718
       Bite              |     9 |    22 |   175 |   448 |   733 |   683 ||  2070
       Punch             |       |     2 |     9 |     3 |       |       ||    14
       Quick blade       |       |       |       |       |    37 |   211 ||   248
       Trident           |       |       |       |       |       |   110 ||   110
 Fire: Hand crossbow     |       |       |       |    15 |       |     8 ||    23
Throw: Boomerang         |       |       |       |     3 |       |       ||     3
       Dart              |       |       |       |       |     3 |     1 ||     4
       Throwing net      |       |       |       |       |       |     2 ||     2
 Cast: Ensorcelled Hiber |     4 |    36 |    15 |    38 |   129 |   251 ||   473
       Confusing Touch   |       |     1 |    40 |    49 |    77 |    97 ||   264
       Tukima's Dance    |       |       |    12 |    38 |    13 |    11 ||    74
       Dazzling Flash    |       |       |       |    12 |    35 |    44 ||    91
       Cause Fear        |       |       |       |       |     2 |    20 ||    22
Invok: Shadow Step       |       |       |       |       |       |     1 ||     1
       Shadow Form       |       |       |       |       |       |     1 ||     1
Evoke: Wand              |       |       |       |    14 |     4 |     1 ||    19
       Condenser vane    |       |       |       |       |     1 |     2 ||     3
  Use: Scroll            |       |       |    11 |    11 |    10 |    19 ||    51
       Potion            |       |       |     1 |     1 |     1 |    15 ||    18
 Stab: Sleeping          |    13 |    19 |    22 |    31 |   112 |   250 ||   447
       Confused          |       |       |    26 |    26 |    68 |    88 ||   208
       Invisible         |       |       |     5 |     5 |    25 |    43 ||    78
       Distracted        |       |       |     1 |     1 |     6 |     9 ||    17
Armor: Robe              |     1 |    14 |    69 |       |       |    45 ||   129
       Acid dragon scale |       |       |    35 |   250 |       |       ||   285
       Troll leather arm |       |       |       |    79 |   329 |    60 ||   468
       Scale mail        |       |       |       |       |       |   361 ||   361
       Ice dragon scales |       |       |       |       |       |    15 ||    15
Dodge: Dodged            |    28 |    65 |   212 |   422 |   456 |   487 ||  1670
Block: Kite shield       |       |       |       |   689 |  1070 |  1263 ||  3022
       Reflection        |       |       |       |     1 |    10 |    17 ||    28
